Knights vs Senators
Created - December 18, 2020 at 20:23
Goals
|
Knights |
2 |
0 |
1 |
0 |
2 |
4 |
Senators |
1 |
2 |
0 |
0 |
0 |
3 |
|
Shots
|
Knights |
20 |
5 |
6 |
0 |
3 |
31 |
Senators |
13 |
16 |
13 |
0 |
2 |
42 |
|
1st period
1. Knights , Dwight King 9 (Vince Hinostroza 14, Nikolaj Ehlers 20) at 17:19
2. Knights , Jordan Martinook 7 (Josh Bailey 5) at 17:59
3. Senators , Grant Besse 3 (Kevin Rooney 6, Zachary Sanford 2) at 19:31
Penalties :
Jordan Martinook (Lon) for Roughing (Minor) at 5:54
2nd period
4. Senators , Jordan Schroeder 9 (Dylan Blujus 7, Nick Foligno 13) at 14:46
5. Senators , Jordan Schroeder 10 (Tomas Jurco 11, Keegan Lowe 11) at 15:21
Penalties :
Tomas Jurco (BIN) for High sticking (Minor) at 2:54, Zachary Sanford (BIN) for Hooking (Minor) at 8:56, Keegan Lowe (BIN) for Diving (Minor) at 15:49
3rd period
6. Knights , Dwight King 10 (Linden Vey 12, Vladislav Gavrikov 6) at 15:05
Penalties :
Jonathan Ferland (BIN) for Hooking (Minor) at 0:22
Overtime #1
No Goal
Penalties :
No Penalty
Shootout
Knights, Nathan Walker - Goal!
Senators, Jonathan Ferland - Stopped by Elvis Merzlikins
Knights, Dwight King - Stopped by Justin Peters
Senators, Nathan Gerbe - Stopped by Elvis Merzlikins
Knights, Nikolaj Ehlers - Goal!
Penalties :
No Penalty
Goalie Stats
Elvis Merzlikins (Lon), 39 saves from 42 shots - (0.929), W, 8-6-1, 65:00 minutes
Justin Peters (BIN), 28 saves from 31 shots - (0.903), OTL, 12-9-2, 65:00 minutes
Players Stats for Knights
Player Name G A P +/- PIM S H SB GA TA FO MP PP MP PK MP
------------------------------------------------------------------------------------
Alexandre Carrier 0 0 0 1 0 0 0 0 1 1 0/0 12:48 0:00 0:00
Brendan Gaunce 0 0 0 -1 0 1 0 0 1 0 3/10 17:58 3:41 0:55
Dominik Kahun 0 0 0 0 0 0 0 0 0 0 4/9 16:11 2:39 0:00
Dwight King 2 0 2 1 0 2 8 0 0 1 6/17 23:10 2:13 0:54
Jeff Petry 0 0 0 -1 0 0 1 0 0 0 0/0 21:01 0:00 0:00
Jeremy Bracco 0 0 0 0 0 1 1 0 0 0 1/1 11:49 1:05 0:00
Jordan Martinook 1 0 1 0 2 4 2 0 0 0 0/1 16:19 1:24 0:00
Josh Bailey 0 1 1 0 0 2 2 1 0 1 0/1 13:00 0:00 0:00
Linden Vey 0 1 1 0 0 2 0 0 1 0 3/5 16:54 3:59 0:00
Ludwig Bystrom 0 0 0 1 0 0 2 0 0 1 0/0 18:34 3:21 1:15
Miro Aaltonen 0 0 0 0 0 1 0 0 0 0 5/9 4:15 0:00 1:04
Nathan Walker 0 0 0 0 0 2 1 0 0 0 0/0 10:15 0:00 0:00
Nicolas Petan 0 0 0 0 0 2 0 1 0 1 2/6 10:23 0:15 0:00
Nikolaj Ehlers 0 1 1 0 0 7 1 0 1 0 1/3 23:48 4:19 0:10
Tony DeAngelo 0 0 0 0 0 0 2 0 0 0 0/0 24:53 4:35 0:44
Troy Stetcher 0 0 0 -1 0 2 1 3 0 0 0/0 26:51 4:35 0:44
Vince Hinostroza 0 1 1 0 0 4 2 0 0 0 3/3 23:58 4:13 0:55
Vladislav Gavrikov 0 1 1 0 0 1 1 0 1 2 0/0 25:53 3:21 1:15
Players Stats for Senators
Player Name G A P +/- PIM S H SB GA TA FO MP PP MP PK MP
------------------------------------------------------------------------------------
A.J. Jenks 0 0 0 0 0 4 2 0 1 1 0/0 9:17 0:02 0:00
Brett Bulmer 0 0 0 0 0 0 0 0 0 0 0/0 7:26 0:00 0:00
Chandler Stephenson 0 0 0 0 0 0 0 0 1 0 0/2 7:26 0:00 0:00
Dylan Blujus 0 1 1 0 0 0 1 2 0 0 0/0 22:29 0:45 3:48
Eric Mestery 0 0 0 1 0 1 0 0 0 0 0/0 12:25 0:00 0:03
Grant Besse 1 0 1 0 0 3 1 0 0 0 0/0 11:11 0:02 0:00
Jack Dougherty 0 0 0 1 0 2 1 1 0 0 0/0 13:26 0:00 1:05
Jonathan Ferland 0 0 0 0 2 7 0 1 3 0 4/5 22:59 1:02 2:56
Jordan Schroeder 2 0 2 0 0 3 0 1 0 1 3/7 16:31 0:55 1:22
Keegan Lowe 0 1 1 -1 2 2 1 2 1 1 0/0 28:55 1:14 2:53
Kevin Rooney 0 1 1 0 0 3 2 1 1 0 7/8 13:52 0:00 2:20
Mark Giordano 0 0 0 -1 0 0 2 0 0 2 0/0 30:06 1:14 4:05
Nathan Gerbe 0 0 0 0 0 5 5 0 0 0 21/39 23:57 1:02 3:53
Nick Foligno 0 1 1 0 0 2 1 1 0 0 0/1 21:01 1:02 1:43
Scott Harrington 0 0 0 0 0 0 1 1 0 0 0/0 22:39 0:45 3:58
Tomas Jurco 0 1 1 0 2 1 4 1 0 0 1/1 17:40 0:55 1:18
Zachary Sanford 0 1 1 0 2 6 1 0 0 0 1/1 13:13 0:02 0:31
Zemgus Girgensons 0 0 0 0 0 3 1 0 0 0 0/1 17:27 0:55 1:49
3 Stars
1 - Dwight King (Lon)
2 - Jordan Schroeder (BIN)
3 - Elvis Merzlikins (Lon)
Power Play
Knights - 0 on 4 Attempt(s) - 0.00%
Senators - 0 on 1 Attempt(s) - 0.00%
Penalty Kill
Knights - 1 on 1 Attempt(s) - 100.00%
- Score 0 goal in Penalty Kill
Senators - 4 on 4 Attempt(s) - 100.00%
- Score 0 goal in Penalty Kill
Team Stat
Knights - Hits : 24 - Faceoff Wins : 28 - Blocked Shots : 5 - Penalty Minutes : 2
Senators - Hits : 23 - Faceoff Wins : 37 - Blocked Shots : 11 - Penalty Minutes : 8
Official
Referees : Unknown
Linesman : Unknown
Game Notes
Miro Aaltonen is injured at 12:40 of 1st period (Back)
Finance
Level 1 -- Attendance: 1798 (89.90%) -- Ticket Income $59,334
Level 2 -- Attendance: 1000 (100.00%) -- Ticket Income $15,000
Total Attendance: 2798 (93.27%)
Total Ticket Income: $74,334
Other Income: $3,717
Total Income: $78,051
Knights
5 vs 5 Forward
Center Left Wing Right Wing Time % Phy DF OF
1 Miro Aaltonen Nikolaj Ehlers Vince Hinostroza 40 1 2 2
2 Brendan Gaunce Dwight King Linden Vey 30 1 2 2
3 Dominik Kahun Jordan Martinook Josh Bailey 20 1 2 2
4 Nicolas Petan Nathan Walker Jeremy Bracco 10 1 2 2
5 vs 5 Defense
Defense Defense Time % Phy DF OF
1 Jeff Petry Troy Stetcher 40 1 3 1
2 Vladislav Gavrikov Tony DeAngelo 30 1 3 1
3 Ludwig Bystrom Alexandre Carrier 20 1 2 2
4 Vladislav Gavrikov Tony DeAngelo 10 1 2 2
PowerPlay Forward
Center Left Wing Right Wing Time % Phy DF OF
1 Miro Aaltonen Nikolaj Ehlers Vince Hinostroza 60 0 1 4
2 Brendan Gaunce Dwight King Linden Vey 40 0 1 4
PowerPlay Defense
Defense Defense Time % Phy DF OF
1 Tony DeAngelo Troy Stetcher 60 0 1 4
2 Ludwig Bystrom Vladislav Gavrikov 40 0 1 4
Penalty Kill 4 Players Forward
Center Wing Time % Phy DF OF
1 Miro Aaltonen Vince Hinostroza 60 1 3 1
2 Jordan Martinook Dwight King 40 1 3 1
Penalty Kill 4 Players Defense
Defense Defense Time % Phy DF OF
1 Ludwig Bystrom Vladislav Gavrikov 60 1 3 1
2 Tony DeAngelo Ludwig Bystrom 40 1 3 1
Penalty Kill - 3 Players Forward
Forward Time % Phy DF OF
1 Jordan Martinook 60 0 4 1
2 Vince Hinostroza 40 0 4 1
Penalty Kill - 3 Players Defense
Defense Defense Time % Phy DF OF
1 Ludwig Bystrom Vladislav Gavrikov 60 1 3 1
2 Tony DeAngelo Ludwig Bystrom 40 1 3 1
4 vs 4 Forward
Center Wing Time % Phy DF OF
1 Nikolaj Ehlers Vince Hinostroza 60 1 2 2
2 Brendan Gaunce Dwight King 40 1 2 2
4 vs 4 Defense
Defense Defense Time % Phy DF OF
1 Ludwig Bystrom Troy Stetcher 60 1 2 2
2 Tony DeAngelo Vladislav Gavrikov 40 1 2 2
Last Minutes Offensive
Center Left Wing Right Wing Defense Defense
Miro Aaltonen Nikolaj Ehlers Vince Hinostroza Tony DeAngelo Troy Stetcher
Last Minutes Defensive
Center Left Wing Right Wing Defense Defense
Miro Aaltonen Dwight King Vince Hinostroza Ludwig Bystrom Vladislav Gavrikov
Goaltenders
Starting : Elvis Merzlikins
Backup : Magnus Hellberg
Extra Forwards
Normal : Dwight King, Linden Vey, Vince Hinostroza - PP : Linden Vey, Vince Hinostroza - PK : Vince Hinostroza
Extra Defensemen
Normal : Tony DeAngelo, Troy Stetcher, Ludwig Bystrom - PP : Tony DeAngelo - PK : Ludwig Bystrom, Tony DeAngelo
Penalty Shots
Nathan Walker, Dwight King, Nikolaj Ehlers, Linden Vey, Vince Hinostroza
Scratches
John Marino (Healthy), Nicklas Jensen (Healthy), Mitchell Stephens (Healthy), Sami Niku (Healthy), Alan Quine (Healthy)
Matthew Benning (Healthy), Scott Wilson (Healthy), David Kase (Healthy), Mackenzie MacEachern (Healthy), Martin Frk (Healthy)
Curtis Lazar (Healthy), Jayce Hawryluk (Healthy), Nikolay Goldobin (Sprained Left Finger Injury), Oskar Lindblom (Healthy), Ryan Collins (Healthy)
William Lagesson (Healthy), Joey Daccord (Healthy), Philippe Desrosiers (Healthy)
Senators
5 vs 5 Forward
Center Left Wing Right Wing Time % Phy DF OF
1 Nathan Gerbe Nick Foligno Jonathan Ferland 40 1 2 2
2 Jordan Schroeder Zemgus Girgensons Tomas Jurco 30 1 2 2
3 Kevin Rooney Zachary Sanford Grant Besse 20 1 2 2
4 Chandler Stephenson A.J. Jenks Brett Bulmer 10 1 2 2
5 vs 5 Defense
Defense Defense Time % Phy DF OF
1 Mark Giordano Keegan Lowe 40 1 2 2
2 Dylan Blujus Scott Harrington 30 1 2 2
3 Eric Mestery Jack Dougherty 20 1 2 2
4 Mark Giordano Keegan Lowe 10 1 2 2
PowerPlay Forward
Center Left Wing Right Wing Time % Phy DF OF
1 Nathan Gerbe Nick Foligno Jonathan Ferland 60 1 2 2
2 Jordan Schroeder Zemgus Girgensons Tomas Jurco 40 1 2 2
PowerPlay Defense
Defense Defense Time % Phy DF OF
1 Mark Giordano Keegan Lowe 60 1 2 2
2 Dylan Blujus Scott Harrington 40 1 2 2
Penalty Kill 4 Players Forward
Center Wing Time % Phy DF OF
1 Jonathan Ferland Nathan Gerbe 60 1 2 2
2 Tomas Jurco Nick Foligno 40 1 2 2
Penalty Kill 4 Players Defense
Defense Defense Time % Phy DF OF
1 Mark Giordano Keegan Lowe 60 1 2 2
2 Dylan Blujus Scott Harrington 40 1 2 2
Penalty Kill - 3 Players Forward
Forward Time % Phy DF OF
1 Jonathan Ferland 60 1 2 2
2 Nathan Gerbe 40 1 2 2
Penalty Kill - 3 Players Defense
Defense Defense Time % Phy DF OF
1 Mark Giordano Keegan Lowe 60 1 2 2
2 Dylan Blujus Scott Harrington 40 1 2 2
4 vs 4 Forward
Center Wing Time % Phy DF OF
1 Jonathan Ferland Nathan Gerbe 60 1 2 2
2 Tomas Jurco Nick Foligno 40 1 2 2
4 vs 4 Defense
Defense Defense Time % Phy DF OF
1 Mark Giordano Keegan Lowe 60 1 2 2
2 Dylan Blujus Scott Harrington 40 1 2 2
Last Minutes Offensive
Center Left Wing Right Wing Defense Defense
Nathan Gerbe Nick Foligno Jonathan Ferland Mark Giordano Keegan Lowe
Last Minutes Defensive
Center Left Wing Right Wing Defense Defense
Nathan Gerbe Nick Foligno Jonathan Ferland Mark Giordano Keegan Lowe
Goaltenders
Starting : Justin Peters
Backup : Sami Aittokallio
Extra Forwards
Normal : Zachary Sanford, A.J. Jenks, Kevin Rooney - PP : Zachary Sanford, A.J. Jenks - PK : Kevin Rooney
Extra Defensemen
Normal : Eric Mestery, Jack Dougherty, Dylan Blujus - PP : Eric Mestery - PK : Jack Dougherty, Dylan Blujus
Penalty Shots
Jonathan Ferland, Nathan Gerbe, Tomas Jurco, Nick Foligno, Zemgus Girgensons
Scratches
Zach Nastasiuk (Healthy), Anthony Richard (Healthy), Jonas Siegenthaler (Healthy), Mason Geertsen (Healthy), Blake Coleman (Healthy)
Branden Troock (Healthy), Gustav Forsling (Healthy), Warren Foegele (Healthy), Jake Evans (Healthy), Adam Ollas-Mattsson (Healthy)
Maxim Letunov (Healthy), Pontus Sjalin (Healthy), Keven Bouchard (Healthy)
% Time on Ice - Knights
Lines # - Real PCT - Wanted PCT - Time Play
Normal Forward
1 - 34% - 40% - 17:14
2 - 19% - 30% - 9:45
3 - 26% - 20% - 13:00
4 - 20% - 10% - 10:06
Normal Defense
1 - 42% - 40% - 21:02
2 - 30% - 30% - 14:51
3 - 23% - 20% - 11:23
4 - 6% - 10% - 2:49
PP Forward
1 - 72% - 60% - 5:43
2 - 28% - 40% - 2:13
PP Defense
1 - 58% - 60% - 4:35
2 - 42% - 40% - 3:21
PK Forward
1 - 66% - 60% - 1:19
2 - 34% - 40% - 0:40
PK Defense
1 - 63% - 60% - 1:15
2 - 37% - 40% - 0:44
PK3 Forward
1 - 0% - 60%
2 - 0% - 40%
PK3 Defense
1 - 0% - 60%
2 - 0% - 40%
44 Forward
1 - 92% - 60% - 4:37
2 - 8% - 40% - 0:23
44 Defense
1 - 66% - 60% - 3:18
2 - 34% - 40% - 1:42
Last Minute Offensive - 0:00
Last Minute Defensive - 0:00
Total
Forward - 65:00
Defense - 65:00
|
% Time on Ice - Senators
Lines # - Real PCT - Wanted PCT - Time Play
Normal Forward
1 - 35% - 40% - 17:33
2 - 28% - 30% - 14:15
3 - 22% - 20% - 10:51
4 - 15% - 10% - 7:26
Normal Defense
1 - 41% - 40% - 20:24
2 - 32% - 30% - 15:50
3 - 22% - 20% - 11:16
4 - 5% - 10% - 2:35
PP Forward
1 - 54% - 60% - 1:04
2 - 46% - 40% - 0:55
PP Defense
1 - 62% - 60% - 1:14
2 - 38% - 40% - 0:45
PK Forward
1 - 78% - 60% - 6:13
2 - 22% - 40% - 1:43
PK Defense
1 - 54% - 60% - 4:19
2 - 46% - 40% - 3:37
PK3 Forward
1 - 0% - 60%
2 - 0% - 40%
PK3 Defense
1 - 0% - 60%
2 - 0% - 40%
44 Forward
1 - 76% - 60% - 3:47
2 - 24% - 40% - 1:13
44 Defense
1 - 47% - 60% - 2:21
2 - 53% - 40% - 2:39
Last Minute Offensive - 0:00
Last Minute Defensive - 0:00
Total
Forward - 65:00
Defense - 65:00
|
Play-by-Play
1st period
0:01 of 1st period - Nathan Gerbe wins face-off versus Miro Aaltonen in neutral zone.
0:06 of 1st period - Wrist shot by Nick Foligno.
0:06 of 1st period - Shot Misses the Net.
0:51 of 1st period - Wrist shot by Linden Vey.
0:51 of 1st period - Stopped by Justin Peters with a rebound.
0:53 of 1st period - Wrist shot by Brendan Gaunce.
0:53 of 1st period - Shot Blocked by Dylan Blujus.
0:55 of 1st period - Snap shot by Linden Vey.
0:55 of 1st period - Shot Misses the Net.
0:57 of 1st period - Snap shot by Troy Stetcher.
0:57 of 1st period - Deflect By Jordan Schroeder.
0:57 of 1st period - Stopped by Justin Peters with a rebound.
0:59 of 1st period - Wrist shot by Linden Vey.
0:59 of 1st period - Shot Blocked by Dylan Blujus.
1:25 of 1st period - Slapshot by Zemgus Girgensons.
1:25 of 1st period - Stopped by Elvis Merzlikins with a rebound.
1:57 of 1st period - Snap shot by Linden Vey.
1:57 of 1st period - Stopped by Justin Peters without a rebound.
1:58 of 1st period - Miro Aaltonen wins face-off versus Nathan Gerbe in Senators zone.
2:01 of 1st period - Wrist shot by Miro Aaltonen.
2:01 of 1st period - Shot Blocked by Nick Foligno.
3:24 of 1st period - Off-side.
3:25 of 1st period - Kevin Rooney wins face-off versus Miro Aaltonen in neutral zone.
4:12 of 1st period - Ludwig Bystrom is hit by Scott Harrington and loses puck.
4:17 of 1st period - Snap shot by Brett Bulmer.
4:17 of 1st period - Deflect By A.J. Jenks.
4:17 of 1st period - Stopped by Elvis Merzlikins without a rebound.
4:18 of 1st period - Kevin Rooney wins face-off versus Nicolas Petan in Knights zone.
4:31 of 1st period - Wrist shot by Nicolas Petan.
4:31 of 1st period - Stopped by Justin Peters without a rebound.
4:32 of 1st period - Miro Aaltonen wins face-off versus Nathan Gerbe in Senators zone.
4:43 of 1st period - Snap shot by Miro Aaltonen.
4:43 of 1st period - Stopped by Justin Peters without a rebound.
4:44 of 1st period - Miro Aaltonen wins face-off versus Nathan Gerbe in Senators zone.
4:49 of 1st period - Wrist shot by Nikolaj Ehlers.
4:49 of 1st period - Stopped by Justin Peters without a rebound.
4:50 of 1st period - Miro Aaltonen wins face-off versus Nathan Gerbe in Senators zone.
5:23 of 1st period - Snap shot by Brendan Gaunce.
5:23 of 1st period - Shot Blocked by Keegan Lowe.
5:25 of 1st period - Slapshot by Vladislav Gavrikov.
5:25 of 1st period - Stopped by Justin Peters without a rebound.
5:26 of 1st period - Nathan Gerbe wins face-off versus Miro Aaltonen in Senators zone.
5:54 of 1st period - Minor Penalty to Jordan Martinook for Roughing.
5:55 of 1st period - Jonathan Ferland wins face-off versus Miro Aaltonen in Knights zone.
7:54 of 1st period - Penalty to Jordan Martinook is over, Jordan Martinook is back on ice.
7:59 of 1st period - Jordan Martinook is hit by A.J. Jenks and loses puck.
8:08 of 1st period - Snap shot by A.J. Jenks.
8:08 of 1st period - Stopped by Elvis Merzlikins with a rebound.
8:24 of 1st period - Snap shot by Jeremy Bracco.
8:24 of 1st period - Deflect By A.J. Jenks.
8:24 of 1st period - Stopped by Justin Peters with a rebound.
8:26 of 1st period - Slapshot by Vladislav Gavrikov.
8:26 of 1st period - Deflect By Nathan Walker.
8:26 of 1st period - Stopped by Justin Peters with a rebound.
8:28 of 1st period - Slapshot by Nicolas Petan.
8:28 of 1st period - Stopped by Justin Peters with a rebound.
8:40 of 1st period - Slapshot by Kevin Rooney.
8:40 of 1st period - Shot Blocked by Troy Stetcher.
8:46 of 1st period - Snap shot by Jordan Martinook.
8:46 of 1st period - Deflect By Josh Bailey.
8:46 of 1st period - Stopped by Justin Peters without a rebound.
8:47 of 1st period - Nicolas Petan wins face-off versus Jordan Schroeder in Senators zone.
8:52 of 1st period - Wrist shot by Nathan Walker.
8:52 of 1st period - Stopped by Justin Peters without a rebound.
8:53 of 1st period - Tomas Jurco wins face-off versus Nicolas Petan in Senators zone.
9:21 of 1st period - Jeff Petry is hit by Mark Giordano and loses puck.
9:28 of 1st period - Snap shot by Zemgus Girgensons.
9:28 of 1st period - Stopped by Elvis Merzlikins with a rebound.
9:30 of 1st period - Snap shot by Keegan Lowe.
9:30 of 1st period - Shot Misses the Net.
9:58 of 1st period - Snap shot by Jordan Schroeder.
9:58 of 1st period - Shot Misses the Net.
10:00 of 1st period - Snap shot by Keegan Lowe.
10:00 of 1st period - Stopped by Elvis Merzlikins without a rebound.
10:01 of 1st period - Miro Aaltonen wins face-off versus Nathan Gerbe in Knights zone.
10:16 of 1st period - Snap shot by Nikolaj Ehlers.
10:16 of 1st period - Stopped by Justin Peters with a rebound.
10:51 of 1st period - Snap shot by Zachary Sanford.
10:51 of 1st period - Shot Misses the Net.
10:59 of 1st period - Wrist shot by Jordan Martinook.
10:59 of 1st period - Shot Blocked by Scott Harrington.
12:13 of 1st period - Slapshot by Zemgus Girgensons.
12:13 of 1st period - Stopped by Elvis Merzlikins without a rebound.
12:14 of 1st period - Nicolas Petan wins face-off versus Chandler Stephenson in Knights zone.
12:29 of 1st period - Snap shot by Jeremy Bracco.
12:29 of 1st period - Shot Blocked by Jack Dougherty.
12:39 of 1st period - Miro Aaltonen is hit by Nathan Gerbe and loses puck.
12:40 of 1st period - Miro Aaltonen from Knights is injured at 12:40 of 1st period (Back).
12:41 of 1st period - Nathan Gerbe wins face-off versus Nikolaj Ehlers in Knights zone.
12:44 of 1st period - Slapshot by Nathan Gerbe.
12:44 of 1st period - Stopped by Elvis Merzlikins with a rebound.
13:36 of 1st period - Snap shot by Jeremy Bracco.
13:36 of 1st period - Shot Misses the Net.
14:37 of 1st period - Icing by Eric Mestery.
14:38 of 1st period - Kevin Rooney wins face-off versus Dwight King in Senators zone.
14:43 of 1st period - Jack Dougherty is hit by Dwight King.
14:46 of 1st period - Off-side.
14:47 of 1st period - Nathan Gerbe wins face-off versus Dwight King in neutral zone.
14:55 of 1st period - Icing by Ludwig Bystrom.
14:56 of 1st period - Dwight King wins face-off versus Nathan Gerbe in Knights zone.
15:00 of 1st period - Icing by Dwight King.
15:01 of 1st period - Nathan Gerbe wins face-off versus Dwight King in Knights zone.
15:10 of 1st period - Snap shot by Vince Hinostroza.
15:10 of 1st period - Stopped by Justin Peters without a rebound.
15:11 of 1st period - Nathan Gerbe wins face-off versus Dwight King in Senators zone.
15:11 of 1st period - Nathan Gerbe is hit by Nikolaj Ehlers.
15:22 of 1st period - Snap shot by Nikolaj Ehlers.
15:22 of 1st period - Stopped by Justin Peters with a rebound.
15:24 of 1st period - Slapshot by Jeff Petry.
15:24 of 1st period - Shot Blocked by Keegan Lowe.
15:36 of 1st period - Slapshot by Tomas Jurco.
15:36 of 1st period - Stopped by Elvis Merzlikins with a rebound.
16:55 of 1st period - Snap shot by Jordan Martinook.
16:55 of 1st period - Shot Blocked by Tomas Jurco.
17:17 of 1st period - Snap shot by Vince Hinostroza.
17:17 of 1st period - Shot Misses the Net.
17:19 of 1st period - Wrist shot by Dwight King.
17:19 of 1st period - Goal by Dwight King - Knights : 1 - Senators : 0.
17:20 of 1st period - Dwight King wins face-off versus Nathan Gerbe in neutral zone.
17:23 of 1st period - Wrist shot by Vince Hinostroza.
17:23 of 1st period - Shot Misses the Net.
17:25 of 1st period - Snap shot by Vince Hinostroza.
17:25 of 1st period - Stopped by Justin Peters without a rebound.
17:26 of 1st period - Vince Hinostroza wins face-off versus Nathan Gerbe in Senators zone.
17:53 of 1st period - Snap shot by Josh Bailey.
17:53 of 1st period - Stopped by Justin Peters with a rebound.
17:55 of 1st period - Wrist shot by Jordan Martinook.
17:55 of 1st period - Stopped by Justin Peters with a rebound.
17:57 of 1st period - Wrist shot by Josh Bailey.
17:57 of 1st period - Shot Blocked by Jordan Schroeder.
17:59 of 1st period - Snap shot by Jordan Martinook.
17:59 of 1st period - Goal by Jordan Martinook - Knights : 2 - Senators : 0.
18:00 of 1st period - Brendan Gaunce wins face-off versus Nathan Gerbe in neutral zone.
18:13 of 1st period - Snap shot by Nick Foligno.
18:13 of 1st period - Stopped by Elvis Merzlikins without a rebound.
18:14 of 1st period - Nathan Gerbe wins face-off versus Dwight King in Knights zone.
18:17 of 1st period - Snap shot by Jonathan Ferland.
18:17 of 1st period - Stopped by Elvis Merzlikins with a rebound.
18:23 of 1st period - Vince Hinostroza is hit by Nathan Gerbe and loses puck.
19:01 of 1st period - Snap shot by Jonathan Ferland.
19:01 of 1st period - Stopped by Elvis Merzlikins without a rebound.
19:02 of 1st period - Dominik Kahun wins face-off versus Jordan Schroeder in Knights zone.
19:29 of 1st period - Wrist shot by Kevin Rooney.
19:29 of 1st period - Stopped by Elvis Merzlikins with a rebound.
19:31 of 1st period - Snap shot by Grant Besse.
19:31 of 1st period - Goal by Grant Besse - Knights : 2 - Senators : 1.
19:32 of 1st period - Nathan Gerbe wins face-off versus Brendan Gaunce in neutral zone.
19:58 of 1st period - Tomas Jurco is hit by Jeff Petry and loses puck.
Goals for this period are 2 for Knights vs 1 for Senators.
Shots for this period are 20 for Knights vs 13 for Senators.
2nd period
0:01 of 2nd period - Dwight King wins face-off versus Nick Foligno in neutral zone.
0:08 of 2nd period - Wrist shot by Nikolaj Ehlers.
0:08 of 2nd period - Stopped by Justin Peters with a rebound.
1:10 of 2nd period - Wrist shot by Zachary Sanford.
1:10 of 2nd period - Stopped by Elvis Merzlikins with a rebound.
1:12 of 2nd period - Snap shot by Zachary Sanford.
1:12 of 2nd period - Stopped by Elvis Merzlikins without a rebound.
1:13 of 2nd period - Zachary Sanford wins face-off versus Brendan Gaunce in Knights zone.
1:20 of 2nd period - Snap shot by Zachary Sanford.
1:20 of 2nd period - Stopped by Elvis Merzlikins without a rebound.
1:21 of 2nd period - Nathan Gerbe wins face-off versus Dwight King in Knights zone.
1:48 of 2nd period - Snap shot by Nikolaj Ehlers.
1:48 of 2nd period - Stopped by Justin Peters with a rebound.
1:50 of 2nd period - Wrist shot by Jordan Martinook.
1:50 of 2nd period - Stopped by Justin Peters without a rebound.
1:51 of 2nd period - Jordan Schroeder wins face-off versus Dominik Kahun in Senators zone.
1:51 of 2nd period - Jordan Schroeder is hit by Josh Bailey.
2:54 of 2nd period - Minor Penalty to Tomas Jurco for High sticking.
2:55 of 2nd period - Jonathan Ferland wins face-off versus Linden Vey in Senators zone.
3:59 of 2nd period - Dwight King is hit by Kevin Rooney and loses puck.
4:54 of 2nd period - Penalty to Tomas Jurco is over, Tomas Jurco is back on ice.
5:24 of 2nd period - Icing by Josh Bailey.
5:25 of 2nd period - Dominik Kahun wins face-off versus Chandler Stephenson in Knights zone.
5:55 of 2nd period - Backhand shot by Nathan Gerbe.
5:55 of 2nd period - Stopped by Elvis Merzlikins with a rebound.
6:15 of 2nd period - Snap shot by Troy Stetcher.
6:15 of 2nd period - Shot Blocked by Kevin Rooney.
7:27 of 2nd period - Off-side.
7:28 of 2nd period - Linden Vey wins face-off versus Zemgus Girgensons in neutral zone.
7:44 of 2nd period - Jordan Schroeder is hit by Ludwig Bystrom and loses puck.
8:21 of 2nd period - Snap shot by Nikolaj Ehlers.
8:21 of 2nd period - Stopped by Justin Peters with a rebound.
8:23 of 2nd period - Slapshot by Alexandre Carrier.
8:23 of 2nd period - Shot Misses the Net.
8:25 of 2nd period - Slapshot by Vince Hinostroza.
8:25 of 2nd period - Stopped by Justin Peters without a rebound.
8:26 of 2nd period - Dominik Kahun wins face-off versus Nathan Gerbe in Senators zone.
8:53 of 2nd period - Off-side.
8:54 of 2nd period - Kevin Rooney wins face-off versus Nicolas Petan in neutral zone.
8:56 of 2nd period - Minor Penalty to Zachary Sanford for Hooking.
8:57 of 2nd period - Vince Hinostroza wins face-off versus Jonathan Ferland in Senators zone.
9:13 of 2nd period - Snap shot by Vince Hinostroza.
9:13 of 2nd period - Shot Misses the Net.
9:34 of 2nd period - Scott Harrington is hit by Vince Hinostroza.
10:18 of 2nd period - Nikolaj Ehlers is hit by Mark Giordano and loses puck.
10:47 of 2nd period - Dwight King is hit by Tomas Jurco.
10:56 of 2nd period - Penalty to Zachary Sanford is over, Zachary Sanford is back on ice.
11:23 of 2nd period - Alexandre Carrier is hit by Jack Dougherty and loses puck.
11:38 of 2nd period - Troy Stetcher is hit by Grant Besse and loses puck.
11:45 of 2nd period - Wrist shot by Grant Besse.
11:45 of 2nd period - Stopped by Elvis Merzlikins with a rebound.
11:47 of 2nd period - Slapshot by Zachary Sanford.
11:47 of 2nd period - Shot Blocked by Troy Stetcher.
11:57 of 2nd period - Wrist shot by A.J. Jenks.
11:57 of 2nd period - Shot Misses the Net.
11:59 of 2nd period - Wrist shot by A.J. Jenks.
11:59 of 2nd period - Stopped by Elvis Merzlikins with a rebound.
12:25 of 2nd period - Wrist shot by Josh Bailey.
12:25 of 2nd period - Deflect By Jordan Martinook.
12:25 of 2nd period - Shot Blocked by Jonathan Ferland.
12:25 of 2nd period - Puck is out of play.
12:26 of 2nd period - Nathan Gerbe wins face-off versus Dominik Kahun in Senators zone.
12:51 of 2nd period - Wrist shot by Zachary Sanford.
12:51 of 2nd period - Stopped by Elvis Merzlikins with a rebound.
12:53 of 2nd period - Slapshot by Jack Dougherty.
12:53 of 2nd period - Stopped by Elvis Merzlikins with a rebound.
12:57 of 2nd period - Snap shot by Zachary Sanford.
12:57 of 2nd period - Stopped by Elvis Merzlikins with a rebound.
13:40 of 2nd period - Slapshot by Jonathan Ferland.
13:40 of 2nd period - Stopped by Elvis Merzlikins without a rebound.
13:41 of 2nd period - Kevin Rooney wins face-off versus Brendan Gaunce in Knights zone.
13:46 of 2nd period - Slapshot by Kevin Rooney.
13:46 of 2nd period - Stopped by Elvis Merzlikins with a rebound.
13:48 of 2nd period - Slapshot by Keegan Lowe.
13:48 of 2nd period - Shot Blocked by Troy Stetcher.
13:50 of 2nd period - Slapshot by Mark Giordano.
13:50 of 2nd period - Shot Misses the Net.
13:52 of 2nd period - Wrist shot by Grant Besse.
13:52 of 2nd period - Stopped by Elvis Merzlikins with a rebound.
13:54 of 2nd period - Wrist shot by Zachary Sanford.
13:54 of 2nd period - Shot Blocked by Josh Bailey.
14:19 of 2nd period - Icing by Scott Harrington.
14:20 of 2nd period - Nathan Gerbe wins face-off versus Nikolaj Ehlers in Senators zone.
14:31 of 2nd period - Nikolaj Ehlers is hit by Nathan Gerbe and loses puck.
14:46 of 2nd period - Wrist shot by Jordan Schroeder.
14:46 of 2nd period - Goal by Jordan Schroeder - Knights : 2 - Senators : 2.
14:47 of 2nd period - Nathan Gerbe wins face-off versus Brendan Gaunce in neutral zone.
14:58 of 2nd period - Nathan Gerbe is hit by Dwight King and loses puck.
15:15 of 2nd period - Slapshot by Keegan Lowe.
15:15 of 2nd period - Stopped by Elvis Merzlikins with a rebound.
15:17 of 2nd period - Snap shot by Tomas Jurco.
15:17 of 2nd period - Shot Misses the Net.
15:19 of 2nd period - Snap shot by Jordan Schroeder.
15:19 of 2nd period - Shot Misses the Net.
15:21 of 2nd period - Snap shot by Jordan Schroeder.
15:21 of 2nd period - Goal by Jordan Schroeder - Knights : 2 - Senators : 3.
15:22 of 2nd period - Nathan Gerbe wins face-off versus Dwight King in neutral zone.
15:35 of 2nd period - Mark Giordano is hit by Troy Stetcher and loses puck.
15:49 of 2nd period - Minor Penalty to Keegan Lowe for Diving.
15:50 of 2nd period - Jonathan Ferland wins face-off versus Linden Vey in Senators zone.
15:50 of 2nd period - Jonathan Ferland is hit by Tony DeAngelo.
16:04 of 2nd period - Slapshot by Nathan Gerbe.
16:04 of 2nd period - Shot Hit the Post.
17:49 of 2nd period - Penalty to Keegan Lowe is over, Keegan Lowe is back on ice.
18:20 of 2nd period - Slapshot by A.J. Jenks.
18:20 of 2nd period - Shot Misses the Net.
18:24 of 2nd period - Snap shot by A.J. Jenks.
18:24 of 2nd period - Stopped by Elvis Merzlikins without a rebound.
18:25 of 2nd period - Dominik Kahun wins face-off versus Jordan Schroeder in Knights zone.
18:34 of 2nd period - Dylan Blujus is hit by Jordan Martinook and loses puck.
19:47 of 2nd period - Kevin Rooney is hit by Josh Bailey and loses puck.
Goals for this period are 0 for Knights vs 2 for Senators.
Shots for this period are 5 for Knights vs 16 for Senators.
3rd period
0:01 of 3rd period - Vince Hinostroza wins face-off versus Nathan Gerbe in neutral zone.
0:22 of 3rd period - Minor Penalty to Jonathan Ferland for Hooking.
0:23 of 3rd period - Linden Vey wins face-off versus Kevin Rooney in Senators zone.
2:22 of 3rd period - Penalty to Jonathan Ferland is over, Jonathan Ferland is back on ice.
3:26 of 3rd period - Zachary Sanford is hit by Dwight King and loses puck.
3:39 of 3rd period - Keegan Lowe is hit by Nathan Walker and loses puck.
3:57 of 3rd period - Off-side.
3:58 of 3rd period - Nathan Gerbe wins face-off versus Brendan Gaunce in neutral zone.
4:03 of 3rd period - Snap shot by Jonathan Ferland.
4:03 of 3rd period - Stopped by Elvis Merzlikins without a rebound.
4:04 of 3rd period - Brendan Gaunce wins face-off versus Nathan Gerbe in Knights zone.
4:11 of 3rd period - Snap shot by Jonathan Ferland.
4:11 of 3rd period - Stopped by Elvis Merzlikins with a rebound.
4:48 of 3rd period - Snap shot by Jordan Martinook.
4:48 of 3rd period - Shot Misses the Net.
5:11 of 3rd period - Icing by Troy Stetcher.
5:12 of 3rd period - Nathan Gerbe wins face-off versus Nicolas Petan in Knights zone.
5:19 of 3rd period - Snap shot by Troy Stetcher.
5:19 of 3rd period - Stopped by Justin Peters without a rebound.
5:20 of 3rd period - Dwight King wins face-off versus Nathan Gerbe in Senators zone.
5:23 of 3rd period - Slapshot by Vince Hinostroza.
5:23 of 3rd period - Deflect By Nikolaj Ehlers.
5:23 of 3rd period - Stopped by Justin Peters without a rebound.
5:24 of 3rd period - Dwight King wins face-off versus Nathan Gerbe in Senators zone.
5:32 of 3rd period - Mark Giordano is hit by Dwight King and loses puck.
5:53 of 3rd period - Snap shot by Josh Bailey.
5:53 of 3rd period - Deflect By Tomas Jurco.
5:53 of 3rd period - Shot Misses the Net.
5:53 of 3rd period - Puck is out of play.
5:54 of 3rd period - Nathan Gerbe wins face-off versus Jordan Martinook in Senators zone.
6:19 of 3rd period - Tomas Jurco is hit by Vince Hinostroza and loses puck.
6:32 of 3rd period - Nikolaj Ehlers is hit by Tomas Jurco and loses puck.
7:03 of 3rd period - Brendan Gaunce is hit by Keegan Lowe and loses puck.
9:37 of 3rd period - Eric Mestery is hit by Dwight King and loses puck.
10:08 of 3rd period - Dominik Kahun is hit by A.J. Jenks and loses puck.
10:27 of 3rd period - Eric Mestery is hit by Jeremy Bracco and loses puck.
10:46 of 3rd period - Slapshot by Eric Mestery.
10:46 of 3rd period - Stopped by Elvis Merzlikins without a rebound.
10:47 of 3rd period - Dwight King wins face-off versus Jordan Schroeder in Knights zone.
10:52 of 3rd period - Vince Hinostroza is hit by Tomas Jurco and loses puck.
11:09 of 3rd period - Scott Harrington is hit by Dwight King and loses puck.
11:28 of 3rd period - Snap shot by Nikolaj Ehlers.
11:28 of 3rd period - Shot Misses the Net.
11:30 of 3rd period - Snap shot by Vince Hinostroza.
11:30 of 3rd period - Stopped by Justin Peters without a rebound.
11:31 of 3rd period - Nathan Gerbe wins face-off versus Josh Bailey in Senators zone.
11:33 of 3rd period - Icing by Jonathan Ferland.
11:34 of 3rd period - Nathan Gerbe wins face-off versus Dominik Kahun in Senators zone.
11:50 of 3rd period - Wrist shot by Nathan Gerbe.
11:50 of 3rd period - Shot Misses the Net.
12:04 of 3rd period - Snap shot by Brendan Gaunce.
12:04 of 3rd period - Stopped by Justin Peters with a rebound.
12:23 of 3rd period - Off-side.
12:24 of 3rd period - Jordan Schroeder wins face-off versus Brendan Gaunce in neutral zone.
12:27 of 3rd period - Vince Hinostroza is hit by Zemgus Girgensons and loses puck.
12:34 of 3rd period - Snap shot by Jordan Schroeder.
12:34 of 3rd period - Stopped by Elvis Merzlikins without a rebound.
12:35 of 3rd period - Nathan Gerbe wins face-off versus Dwight King in Knights zone.
12:36 of 3rd period - Wrist shot by Jonathan Ferland.
12:36 of 3rd period - Stopped by Elvis Merzlikins without a rebound.
12:37 of 3rd period - Nathan Gerbe wins face-off versus Dwight King in Knights zone.
12:44 of 3rd period - Slapshot by Nathan Gerbe.
12:44 of 3rd period - Stopped by Elvis Merzlikins with a rebound.
14:05 of 3rd period - Icing by Troy Stetcher.
14:06 of 3rd period - Jeremy Bracco wins face-off versus Nathan Gerbe in Knights zone.
14:11 of 3rd period - Snap shot by Troy Stetcher.
14:11 of 3rd period - Shot Misses the Net.
14:17 of 3rd period - Wrist shot by Jonathan Ferland.
14:17 of 3rd period - Stopped by Elvis Merzlikins with a rebound.
14:19 of 3rd period - Wrist shot by Nick Foligno.
14:19 of 3rd period - Stopped by Elvis Merzlikins with a rebound.
14:21 of 3rd period - Slapshot by Jonathan Ferland.
14:21 of 3rd period - Shot Misses the Net.
14:39 of 3rd period - Wrist shot by Zachary Sanford.
14:39 of 3rd period - Shot Blocked by Nicolas Petan.
14:41 of 3rd period - Snap shot by Kevin Rooney.
14:41 of 3rd period - Stopped by Elvis Merzlikins with a rebound.
14:43 of 3rd period - Slapshot by Jack Dougherty.
14:43 of 3rd period - Stopped by Elvis Merzlikins with a rebound.
14:52 of 3rd period - Off-side.
14:53 of 3rd period - Jordan Schroeder wins face-off versus Brendan Gaunce in neutral zone.
15:05 of 3rd period - Snap shot by Dwight King.
15:05 of 3rd period - Goal by Dwight King - Knights : 3 - Senators : 3.
15:06 of 3rd period - Kevin Rooney wins face-off versus Dwight King in neutral zone.
15:17 of 3rd period - Snap shot by Zachary Sanford.
15:17 of 3rd period - Shot Misses the Net.
15:33 of 3rd period - Keegan Lowe is hit by Vladislav Gavrikov and loses puck.
15:44 of 3rd period - Wrist shot by Nathan Gerbe.
15:44 of 3rd period - Shot Misses the Net.
15:46 of 3rd period - Wrist shot by Nathan Gerbe.
15:46 of 3rd period - Deflect By Brendan Gaunce.
15:46 of 3rd period - Stopped by Elvis Merzlikins with a rebound.
17:18 of 3rd period - Snap shot by Jordan Martinook.
17:18 of 3rd period - Stopped by Justin Peters with a rebound.
18:16 of 3rd period - Wrist shot by Nathan Gerbe.
18:16 of 3rd period - Stopped by Elvis Merzlikins without a rebound.
18:17 of 3rd period - Brendan Gaunce wins face-off versus Nathan Gerbe in Knights zone.
18:27 of 3rd period - Off-side.
18:28 of 3rd period - Kevin Rooney wins face-off versus Dominik Kahun in neutral zone.
18:55 of 3rd period - Vince Hinostroza is hit by Nathan Gerbe and loses puck.
19:24 of 3rd period - Icing by Nathan Gerbe.
19:25 of 3rd period - Linden Vey wins face-off versus Nathan Gerbe in Senators zone.
19:48 of 3rd period - Wrist shot by Zachary Sanford.
19:48 of 3rd period - Stopped by Elvis Merzlikins without a rebound.
19:49 of 3rd period - Nathan Gerbe wins face-off versus Dwight King in Knights zone.
Goals for this period are 1 for Knights vs 0 for Senators.
Shots for this period are 6 for Knights vs 13 for Senators.
Overtime #1
0:01 of 1st overtime period - Nikolaj Ehlers wins face-off versus Nathan Gerbe in neutral zone.
0:12 of 1st overtime period - Slapshot by Vince Hinostroza.
0:12 of 1st overtime period - Shot Misses the Net.
1:09 of 1st overtime period - Scott Harrington is hit by Jordan Martinook and loses puck.
1:28 of 1st overtime period - Mark Giordano is hit by Ludwig Bystrom and loses puck.
1:45 of 1st overtime period - Nathan Gerbe is hit by Tony DeAngelo.
2:08 of 1st overtime period - Jordan Martinook is hit by Nick Foligno and loses puck.
2:20 of 1st overtime period - Ludwig Bystrom is hit by Tomas Jurco and loses puck.
2:41 of 1st overtime period - Nathan Gerbe is hit by Dwight King.
2:53 of 1st overtime period - Nikolaj Ehlers is hit by Zachary Sanford and loses puck.
3:24 of 1st overtime period - Jordan Martinook is hit by Nathan Gerbe and loses puck.
3:35 of 1st overtime period - A.J. Jenks is hit by Dwight King and loses puck.
3:46 of 1st overtime period - Vladislav Gavrikov is hit by Kevin Rooney and loses puck.
4:09 of 1st overtime period - Dwight King is hit by Dylan Blujus and loses puck.
4:44 of 1st overtime period - Icing by Ludwig Bystrom.
4:45 of 1st overtime period - Jonathan Ferland wins face-off versus Dominik Kahun in Knights zone.
Goals for this period are 0 for Knights vs 0 for Senators.
Shots for this period are 0 for Knights vs 0 for Senators.
ShootOut
5:00 of 1st overtime period - Round #1.
5:00 of 1st overtime period - Knights, Nathan Walker.
5:00 of 1st overtime period - Deke by Nathan Walker.
5:00 of 1st overtime period - Goal by Nathan Walker.
5:00 of 1st overtime period - Senators, Jonathan Ferland.
5:00 of 1st overtime period - Deke by Jonathan Ferland.
5:00 of 1st overtime period - Stopped by Elvis Merzlikins.
5:00 of 1st overtime period - Round #2.
5:00 of 1st overtime period - Knights, Dwight King.
5:00 of 1st overtime period - Snap shot by Dwight King.
5:00 of 1st overtime period - Stopped by Justin Peters.
5:00 of 1st overtime period - Senators, Nathan Gerbe.
5:00 of 1st overtime period - Backhand shot by Nathan Gerbe.
5:00 of 1st overtime period - Stopped by Elvis Merzlikins.
5:00 of 1st overtime period - Round #3.
5:00 of 1st overtime period - Knights, Nikolaj Ehlers.
5:00 of 1st overtime period - Deke by Nikolaj Ehlers.
5:00 of 1st overtime period - Goal by Nikolaj Ehlers.